 Dungeon Crawl Stone Soup version 0.27-a0-409-gd57800a693 (webtiles) character file.

Game seed: 15829663692446813597

28 Ijustatesigmund the Skirmisher (level 2, -2/24 HPs)
             Began as a Demonspawn Fighter on Feb 23, 2021.
             Slain by a gnoll
             ... wielding a +0 spear
              (7 damage)
             ... on level 2 of the Dungeon.
             The game lasted 00:02:18 (1403 turns).

Ijustatesigmund the Skirmisher (Demonspawn Fighter) Turns: 1403, Time: 00:02:19

Health: -2/24      AC:  7    Str: 16    XL:     2   Next: 96%
Magic:  2/2        EV:  7    Int:  9    God:
Gold:   45         SH:  8    Dex: 12    Spells: 1/1 levels left

rFire    . . .     SeeInvis .   a - +0 war axe
rCold    . . .     Faith    .   c - +0 kite shield
rNeg     . . .     Spirit   .   b - +0 scale mail
rPois    .         Reflect  .   (no helmet)
rElec    .         Harm     .   (no cloak)
rCorr    .         Rampage  .   (no gloves)
Will     .....                  (no boots)
Stlth    ..........             (no amulet)
HPRegen  0.08/turn              (no ring)
MPRegen  0.08/turn              (no ring)

@: no status effects
A: rugged brown scales 1
a: no special abilities


You were on level 2 of the Dungeon.
You visited 1 branch of the dungeon, and saw 2 of its levels.

You collected 45 gold pieces.

Inventory:

Hand Weapons
 a - a +0 war axe (weapon)
Missiles
 h - a throwing net (quivered)
Armour
 b - a +0 scale mail (worn)
 c - a +0 kite shield (worn)
Scrolls
 e - a scroll of teleportation
Potions
 d - a potion of might
 f - 2 potions of heal wounds
 g - 2 potions of curing
 j - a potion of ambrosia {unknown}
 k - a potion of degeneration {unknown}


   Skills:
 + Level 3.3 Fighting
 * Level 2.6 Axes
 - Level 2.6 Armour
 + Level 0.9 Dodging
 - Level 2.6 Shields


You had one spell level left.
You didn't know any spells.
Your spell library was empty.

Dungeon Overview and Level Annotations

Branches:
Dungeon (2/15)

Altars:
Makhleb
Nemelex Xobeh


Innate Abilities, Weirdness & Mutations

You are partially covered in rugged brown scales. (AC +1, +3% HP)


Message History

No target in view!
No target in view!
No target in view!
HP restored.
e - a scroll of teleportation You see here 2 stones.
There is an open door here.
g - 2 potions of curing (gained 1)
There is an open door here.
A hobgoblin comes into view.
You hit the hobgoblin but do no damage. You block the hobgoblin's attack.
The hobgoblin closely misses you.
You closely miss the hobgoblin. The hobgoblin barely misses you.
You slash the hobgoblin!
You kill the hobgoblin!
No target in view!
No target in view!
No target in view!
You see here a hobgoblin corpse.
A gnoll comes into view. It is wielding a +0 spear.
A gnoll comes into view. It is wielding a +0 flail.
The gnoll completely misses you.
You barely miss the gnoll. You hit the gnoll but do no damage.
You hit the gnoll. You block the gnoll's attack.
The gnoll hits you but does no damage. You block the gnoll's attack.
You hit the gnoll but do no damage.
The gnoll is lightly wounded.
You hit the gnoll but do no damage. The gnoll hits you with a +0 spear.
The gnoll barely misses you. You block the gnoll's attack.
You completely miss the gnoll.
The gnoll is lightly wounded.
You slash the gnoll! The gnoll hits you with a +0 flail!
You block the gnoll's attack. The gnoll hits you with a +0 flail.
* * * LOW HITPOINT WARNING * * *
You are too injured to fight recklessly!
You are too injured to fight recklessly!
You are too injured to fight recklessly!
The gnoll hits you from afar with a +0 spear!
You die...

##. #(# #.. ##'##
#.# .# ##...## #
#.##.# ##.....##
#.###..#.#
##.......##
.......###.........#
#gg.....'.........+
#...####.........#
#@.## ##.......##
#.## ##.....## #.#
##...## #.# #####'##
#.# #......#### ##.#
#.###..#... #..#
#.###..#.##
####.#####
#.##.<.#.##
#........#
#..........


You could see 2 gnolls.

Vanquished Creatures
  A dart slug (D:2)
  2 goblins (D:1)
  5 hobgoblins
  A quokka (D:2)
  3 bats (D:1)
  4 frilled lizards (D:1)
  5 kobolds
  5 rats (D:1)
26 creatures vanquished.

Notes
Turn   | Place    | Note
-------+----------+-------------------------------------------
     0 | D:1      | Ijustatesigmund the Demonspawn Fighter began the quest for
                  | the Orb.
     0 | D:1      | Reached XP level 1. HP: 18/18 MP: 1/1
   439 | D:1      | Gained mutation: You are partially covered in rugged brown
                  | scales. (AC +1, +3% HP) [demonic ancestry]
   439 | D:1      | Reached XP level 2. HP: 17/24 MP: 2/2
  1028 | D:2      | Found a sparkling altar of Nemelex Xobeh.
  1051 | D:2      | Found a burning altar of Makhleb.
  1403 | D:2      | Slain by a gnoll

Illustrated notes

Levels and vault maps discovered:
D:1:      shiori_angband_town, layout_basic, minivault_25
D:2:      layout_loops_corners, old_standard_altar, minmay_misc_feat_plants,
          bloody_makhleb

Skill      XL: |  1 |
---------------+----+-----
Axes           | 2 |  2.6
Fighting       | |  3.3
Armour         | |  2.6
Dodging        | |  0.9
Shields        | |  2.6

Action                   || total
-------------------------++-------
Melee: War axe           ||    93
  Use: Scroll            ||     3
Armor: Scale mail        ||    43
Dodge: Dodged            ||    43
Block: Kite shield       ||    49

Table legend: (Time is in decaauts)
 A = Elapsed time spent in this place.
 B = Non-inter-level travel time spent in this place.
 C = Inter-level travel time spent in this place.
 D = Time resting spent in this place.
 E = Time spent auto-exploring this place.
 F = Levels seen in this place.
 G = Mean time per level.
                   A        B        C        D        E       F      G
               +--------+--------+--------+--------+--------+-----+--------+
         Total |   1462 |   1445 |     17 |    180 |   1004 |   2 |  731.0 |
       Dungeon |   1462 |   1445 |     17 |    180 |   1004 |   2 |  731.0 |
               +--------+--------+--------+--------+--------+-----+--------+

Top non-repeatable levels by time:
     D:1: 1001 daAuts
     D:2: 460 daAuts
